 Dungeon Sprint DCSS version 0.24.0-125-gc4c63601f3 (webtiles) character file.

Game seed: 4081067728798348442, levelgen mode: deterministic

21333 Freyura the Brawler (level 12, -5/136 HPs)
             Began as a Troll Berserker on Feb 22, 2020.
             Was the Champion of Trog.
             Slain by a hell knight
             ... wielding a +3 demon trident of piercing
              (19 damage)
             ... in the Dungeon (Sprint IX: "|||||||||||||||||||||||||||||").
             The game lasted 00:13:48 (1707 turns).

Freyura the Brawler (Troll Berserker)               Turns: 1707, Time: 00:13:49

Health: -5/136     AC: 17    Str: 28    XL:     12   Next: 53%
Magic:  18/18      EV: 16    Int:  3    God:    Trog [******]
Gold:   1918       SH:  0    Dex: 13    Spells: 11/11 levels left

rFire    + + .     SeeInvis .     - Unarmed
rCold    x . .     Gourm    +   (no shield)
rNeg     . . .     Faith    .   y - +1 fire dragon scales
rPois    .         Spirit   .   t - +1 hat
rElec    .         Reflect  .   m - +0 cloak
rCorr    .         Harm     .   (gloves unavailable)
MR       ++...     NoTele   +   (boots unavailable)
Stlth    ..........             (no amulet)
HPRegen  1.72/turn              k - +2 ring of evasion
MPRegen  0.16/turn              l - +2 ring of evasion

@: berserk cooldown, regenerating, slowed, very slow
A: large, unfitting armour, claws 3, fast metabolism 3, gourmand, regeneration
1, shaggy fur 1, tough skin 3
a: Berserk, Trog's Hand, Brothers in Arms, Renounce Religion


You were in the Dungeon.
You worshipped Trog.
Trog was exalted by your worship.
You were full.

You visited 1 branch You collected 1918 gold pieces.

Inventory:

Hand Weapons
 s - a +4 antimagic giant spiked club
Armour
 m - a +0 cloak (worn)
 n - +0 acid dragon scales
 t - a +1 hat (worn)
 y - +1 fire dragon scales (worn)
Jewellery
 a - an uncursed ring of ice
 k - a +2 ring of evasion (left claw)
 l - a +2 ring of evasion (right claw)
 u - an uncursed ring of fire
 v - an uncursed ring of protection from magic
 w - an uncursed ring of protection from magic
Wands
 j - a wand of acid (9)
Scrolls
 h - 4 scrolls of blinking
 i - 5 scrolls of remove curse
 o - 3 scrolls of enchant armour
 p - 4 scrolls of enchant weapon
 q - 3 scrolls of identify
 r - 2 scrolls of fear
Potions
 c - 4 potions of curing
 d - 3 potions of heal wounds
 e - a potion of haste
 f - 4 potions of magic
 g - a potion of invisibility
 x - 2 potions of might
 z - a potion of agility
Comestibles
 b - 14 rations


   Skills:
 + Level 13.5 Fighting
 + Level 6.2 Maces & Flails
 + Level 6.9 Armour
 + Level 7.5 Dodging
 * Level 20.9 Unarmed Combat
 + Level 9.7 Evocations


You had 11 spell levels left.
You didn't know any spells.
Your spell library was empty.

Dungeon Overview and Level Annotations

Branches:
Dungeon (1/1)

Altars:
Cheibriados
Dithmenos
Elyvilon
Fedhas
Gozag
Hepliaklqana
Kikubaaqudgha
Makhleb
Nemelex Xobeh
Okawaru
Qazlal
Ru
Sif Muna
Trog
Uskayaw
Vehumet
Wu Jian
Xom
Yredelemnul
Zin
The Shining One
Beogh
Jiyva
Lugonu

Shops:
D =*%*

Annotations:
D Sonja


Innate Abilities, Weirdness & Mutations

You are too large for most types of armour.
You have claws for hands.
Your metabolism is lightning-fast.
You like to eat raw meat.
Your natural rate of healing is unusually fast.
You are covered in fur. (AC +1)
You have extremely tough skin. (AC +3)


Message History

The fire dragon closely misses you. The fire dragon tramples you.
You stumble backwards!
You mangle the fire dragon!!
The fire dragon is almost dead.
You scratch the fire dragon but do no damage.
The fire dragon is almost dead.
The hell knight hits you from afar with a +3 demon trident of piercing!
* * * LOW HITPOINT WARNING * * *
The fire dragon completely misses you.
The fire dragon claws you but does no damage.
The fire dragon tramples you but does no damage.
You scratch the fire dragon but do no damage.
The fire dragon is almost dead.
The hell knight hits you from afar with a +3 demon trident of piercing!!
* * * LOW HITPOINT WARNING * * *
x2 The fire dragon misses you.
The fire dragon claws you!
* * * LOW HITPOINT WARNING * * *
The fire dragon tramples you but does no damage.
The hell knight hits you from afar with a +3 demon trident of piercing!!
You die...

▓▓▓▓▓▓▓▓▓▓▓▓▓▓▓▓▓▓▓▓▓▓▓▓▓
...GcTpD@))†('.....(....[
▓▓▓▓▓▓▓▓▓▓▓▓▓▓▓▓▓▓▓▓▓▓▓▓▓▓▓▓▓▓▓▓▓
.................................
▓▓▓▓▓▓▓▓▓▓▓▓▓▓▓▓▓▓▓▓▓▓▓▓▓▓▓▓▓▓▓▓▓
.....'.....∩)∩.∩)∩.÷)))'.......))
▓▓▓▓▓▓▓▓▓▓▓▓▓▓▓▓▓▓▓▓▓▓▓▓▓▓▓▓▓▓▓▓▓
........(..(.....................
▓▓▓▓▓▓▓▓▓▓▓▓▓▓▓▓▓▓▓▓▓▓▓▓▓▓▓▓▓▓▓▓▓
'..[[[[..'.[(...†..)†.'....÷...÷)


You could see a fire dragon, a great orb of eyes, a hell knight, a deep troll
shaman and a yaktaur.

Vanquished Creatures
  A sphinx (D)
  Gastronok (D)
  Josephine (D)
  2 death knights (D)
  8 orc high priests (D)
  An unseen horror (D)
  3 orc knights (D)
  An orc sorcerer (D)
  A cyclops (D)
  A black mamba (D)
  A torpor snail (D)
  3 spiny frogs (D)
  A rime drake (D)
  2 komodo dragons (D)
  3 polar bears (D)
  A hippogriff (D)
  6 wraiths (D)
  3 yaks (D)
  Grum (D)
  A basilisk (shapeshifter) (D)
  A basilisk (D)
  A soldier ant (D)
  An acid dragon (D)
  3 water moccasins (D)
  3 porcupines (D)
  A sky beast (D)
  5 black bears (D)
  9 orc warriors (D)
  4 wolves (D)
  A centaur (D)
  3 crocodiles (D)
  2 bullfrogs (D)
  A howler monkey (D)
  A crimson imp (D)
  2 hounds (D)
  An orc wizard (D)
  6 orc priests (D)
  A worker ant (D)
  An adder skeleton (D)
  4 orcs (D)
  2 hobgoblins (D)
  A jackal zombie (D)
  2 kobolds (D)
  A leopard gecko zombie (D)
  A rat (D)
100 creatures vanquished.

Vanquished Creatures (collateral kills)
  3 orc high priests (D)
  2 orc priests (D)
  An orc wizard (D)
  An orc (D)
7 creatures vanquished.

Grand Total: 107 creatures vanquished

Notes
Turn   | Place    | Note
-------+----------+-------------------------------------------
     0 | D        | Freyura the Troll Berserker began the quest for the Orb.
     0 | D        | Reached XP level 1. HP: 22/22 MP: 0/0
    12 | D        | Reached ** piety under Trog
    14 | D        | Reached skill level 4 in Unarmed Combat
    51 | D        | Noticed a crimson imp
    51 | D        | Noticed a hound
    51 | D        | Noticed a howler monkey
    51 | D        | Noticed a worker ant
    56 | D        | Killed a worker ant
    56 | D        | Reached skill level 5 in Unarmed Combat
    56 | D        | Reached XP level 2. HP: 32/32 MP: 1/1
    59 | D        | Reached *** piety under Trog
    59 | D        | Reached XP level 3. HP: 39/39 MP: 2/2
    67 | D        | Reached skill level 7 in Unarmed Combat
    68 | D        | Reached XP level 4. HP: 49/49 MP: 3/3
    73 | D        | Reached skill level 5 in Fighting
    73 | D        | Reached skill level 8 in Unarmed Combat
    88 | D        | Found a roughly hewn altar of Beogh.
    88 | D        | Found a snail-covered altar of Cheibriados.
    88 | D        | Found a shadowy altar of Dithmenos.
    88 | D        | Found a white marble altar of Elyvilon.
    88 | D        | Found a blossoming altar of Fedhas.
    88 | D        | Found an opulent altar of Gozag.
    89 | D        | Found a hazy altar of Hepliaklqana.
    90 | D        | Found a viscous altar of Jiyva.
    91 | D        | Found an ancient bone altar of Kikubaaqudgha.
    92 | D        | Found a corrupted altar of Lugonu.
    93 | D        | Found a burning altar of Makhleb.
    94 | D        | Found a sparkling altar of Nemelex Xobeh.
    95 | D        | Found an iron altar of Okawaru.
    96 | D        | Found a stormy altar of Qazlal.
    97 | D        | Found a sacrificial altar of Ru.
    98 | D        | Found a shimmering blue altar of Sif Muna.
    99 | D        | Found a bloodstained altar of Trog.
   100 | D        | Found a hide-covered altar of Uskayaw.
   101 | D        | Found a radiant altar of Vehumet.
   102 | D        | Found an ornate altar of the Wu Jian Council.
   103 | D        | Found a shimmering altar of Xom.
   104 | D        | Found a basalt altar of Yredelemnul.
   105 | D        | Found a glowing silver altar of Zin.
   106 | D        | Found a glowing golden altar of the Shining One.
   233 | D        | Noticed a yak
   233 | D        | Noticed a water moccasin
   233 | D        | Noticed a hippogriff
   233 | D        | Noticed a yak
   241 | D        | Killed a yak
   241 | D        | Reached **** piety under Trog
   241 | D        | Reached skill level 10 in Unarmed Combat
   241 | D        | Reached XP level 5. HP: 61/61 MP: 4/4
   241 | D        | Reached XP level 6. HP: 68/68 MP: 5/5
   247 | D        | Killed an unseen horror
   247 | D        | Reached skill level 13 in Unarmed Combat
   247 | D        | Reached XP level 7. HP: 81/81 MP: 6/6
   251 | D        | Killed a hippogriff
   255 | D        | Reached skill level 14 in Unarmed Combat
   255 | D        | Reached XP level 8. HP: 92/92 MP: 7/7
   258 | D        | Reached ***** piety under Trog
   310 | D        | Noticed a death knight
   319 | D        | Reached skill level 1 in Evocations
   322 | D        | Received a gift from Trog
   322 | D        | Reached skill level 15 in Unarmed Combat
   333 | D        | Killed a death knight
   333 | D        | Reached skill level 10 in Fighting
   333 | D        | Reached XP level 9. HP: 30/101 MP: 8/10
   542 | D        | Noticed a komodo dragon
   542 | D        | Noticed a spiny frog
   542 | D        | Noticed a rime drake
   545 | D        | Killed a rime drake
   545 | D        | Reached skill level 16 in Unarmed Combat
   550 | D        | Killed a spiny frog
   553 | D        | Killed a komodo dragon
   553 | D        | Reached skill level 5 in Evocations
   557 | D        | Received a gift from Trog
   557 | D        | Reached ****** piety under Trog
   561 | D        | Reached skill level 17 in Unarmed Combat
   600 | D        | Noticed a torpor snail
   600 | D        | Noticed a komodo dragon
   600 | D        | Noticed a spiny frog
   600 | D        | Noticed a spiny frog
   600 | D        | Noticed a black mamba
   604 | D        | Killed a black mamba
   604 | D        | Reached XP level 10. HP: 113/113 MP: 13/13
   606 | D        | Killed a spiny frog
   611 | D        | Killed a spiny frog
   617 | D        | Killed a torpor snail
   617 | D        | Received a gift from Trog
   620 | D        | Reached skill level 18 in Unarmed Combat
   743 | D        | Received a gift from Trog
   956 | D        | Noticed Sonja
  1083 | D        | Noticed Grum
  1089 | D        | Received a gift from Trog
  1093 | D        | Killed Grum
  1093 | D        | Reached skill level 1 in Armour
  1156 | D        | Noticed an orc knight
  1172 | D        | Killed an orc knight
  1172 | D        | Reached XP level 11. HP: 123/123 MP: 15/15
  1181 | D        | Received a gift from Trog
  1223 | D        | Noticed an orc sorcerer
  1223 | D        | Noticed an orc high priest
  1227 | D        | Noticed an orc knight
  1234 | D        | Killed an orc high priest
  1234 | D        | Reached skill level 19 in Unarmed Combat
  1237 | D        | Killed an orc sorcerer
  1237 | D        | Received a gift from Trog
  1239 | D        | Noticed an orc knight
  1244 | D        | Killed an orc knight
  1257 | D        | Killed an orc knight
  1266 | D        | Received a gift from Trog
  1305 | D        | Found Qorux's General Store.
  1305 | D        | Noticed an orc high priest
  1305 | D        | Noticed an orc high priest
  1305 | D        | Noticed an orc high priest
  1305 | D        | Noticed an orc high priest
  1310 | D        | Killed an orc high priest
  1310 | D        | Reached skill level 1 in Maces & Flails
  1316 | D        | Killed an orc high priest
  1316 | D        | Reached skill level 5 in Dodging
  1317 | D        | Found Umiest's Food Shop.
  1319 | D        | Noticed an orc high priest
  1320 | D        | Killed an orc high priest
  1322 | D        | Killed an orc high priest
  1325 | D        | Found Falyin's General Store.
  1326 | D        | Received a gift from Trog
  1327 | D        | Noticed an orc high priest
  1327 | D        | Noticed an orc high priest
  1328 | D        | Found Ylymn's Jewellery Shop.
  1331 | D        | Noticed a sun demon
  1331 | D        | Noticed an orc high priest
  1332 | D        | Killed an orc high priest
  1334 | D        | Killed an orc high priest
  1334 | D        | Reached skill level 5 in Armour
  1334 | D        | Noticed an orc high priest
  1338 | D        | Noticed an orc high priest
  1344 | D        | Killed an orc high priest
  1344 | D        | Reached skill level 20 in Unarmed Combat
  1352 | D        | Killed an orc high priest
  1358 | D        | Killed an orc high priest
  1362 | D        | Killed an orc high priest
  1362 | D        | Received a gift from Trog
  1474 | D        | Noticed Josephine
  1477 | D        | Reached XP level 12. HP: 136/136 MP: 17/17
  1481 | D        | Killed Josephine
  1537 | D        | Noticed Gastronok
  1551 | D        | Killed Gastronok
  1551 | D        | Received a gift from Trog
  1551 | D        | Received a gift from Trog
  1551 | D        | Reached skill level 5 in Maces & Flails
  1673 | D        | Noticed a death knight
  1682 | D        | Noticed a sphinx
  1686 | D        | Noticed a fire dragon
  1691 | D        | Killed a death knight
  1691 | D        | Received a gift from Trog
  1694 | D        | Noticed a deep troll shaman
  1700 | D        | Killed a sphinx
  1701 | D        | Noticed a great orb of eyes
  1707 | D        | Slain by a hell knight

Levels and vault maps discovered:
D:        linesprint [early_d, line_temple, items_1, d_10, items_2, lair_1,
          lair_end, items_3, orc_1, orc_end, items_4, d_15, swamp_1, shoals_1,
          snake_1, spider_1, d_20, vaults_1, items_5, swamp_end, shoals_end,
          snake_end, spider_end, vaults_end, d_27, items_6, zot_1, zot_end,
          crypt_end, forest_end, elf_end, slime_end, tomb_end, abyss_end,
          pan_hell_end]

Skill      XL: |  1  2  3  4  5  6  7  8  9 10 11 12 |
---------------+-------------------------------------+-----
Unarmed Combat | 5 7 10 13 14 15 17 18 20 | 20.9
Fighting       | 3 4 6 8 9 10 11 12 13 | 13.5
Evocations     | 3 5 7 9 |  9.7
Armour         | 2 5 6 |  6.9
Dodging        | 3 6 7 |  7.5
Maces & Flails | 4 6 |  6.2

Action                   |  1- 3 |  4- 6 |  7- 9 | 10-12 || total
-------------------------+-------+-------+-------+-------++-------
Melee: Unarmed           |    31 |    15 |    54 |   194 ||   294
       Punch             |       |     2 |     7 |    17 ||    26
Invok: Berserk           |       |     1 |     1 |     4 ||     6
       Trog's Hand       |       |       |       |     4 ||     4
       Brothers in Arms  |       |       |       |     3 ||     3
Evoke: Wand              |       |       |       |     1 ||     1
  Use: Potion            |     1 |       |     2 |     4 ||     7
  Eat: Chunk             |     1 |     5 |     7 |    14 ||    27
Armor: Animal skin       |     7 |     5 |     4 |       ||    16
       Acid dragon scale |       |       |     5 |    46 ||    51
       Fire dragon scale |       |       |       |    15 ||    15
Dodge: Dodged            |     5 |     3 |    20 |    86 ||   114
